AoeStats
← squad_leader999

Highland

505993218Analyzed
2v2 RM · 19d ago on Sep 11, 2026· 32m 46s· 4 players
Game mode
Random Map
Map size
Medium (4 player)
Population
200
Speed
Normal
Resources
Standard
Victory
Conquest
Starting age
Dark Age
Ending age
Imperial Age
RankedLock teamsTeams togetherTeam positionsShared explorationLock speedFull tech treeHidden civsTurbo modeCheats
Victory
Defeat
🇹🇷 Franks · Türkiye
1092
+14
🇹🇷 Ethiopians · Türkiye
1057
+16
🇸🇦 Mongols · Saudi Arabia
1154
-19
🇹🇷 Saracens · Türkiye
952
-11
SexyDaddy
10:35 Feudal Age
8:51 Loom
13:39 Double-Bit Axe
18:36 Castle Age
21:08 Gold Mining
24:49 Scale Barding Armor
27:47 Wheelbarrow
27:29 Husbandry
28:56 Ballistics
squad_leader999
0:37 Loom
11:45 Feudal Age
12:11 Double-Bit Axe
16:47 Horse Collar
25:30 Castle Age
23:35 Stone Mining
23:43 Fletching
31:10 Pikeman
32:18 Scale Mail Armor
32:28 Forging
AVK
9:21 Loom
11:54 Feudal Age
12:27 Double-Bit Axe
21:02 Castle Age
19:39 Wheelbarrow
18:50 Town Watch
22:15 Scale Barding Armor
23:50 Chain Barding Armor
24:12 Bow Saw
24:44 Forging
26:51 Husbandry
30:43 Fletching
Ercx
7:05 Loom
10:27 Feudal Age
11:07 Double-Bit Axe
18:56 Castle Age
17:02 Horse Collar
20:41 Bow Saw
21:23 Wheelbarrow
21:37 Heavy Plow
23:15 Gold Mining
26:12 Hand Cart
28:14 Stone Mining
28:59 Gold Shaft Mining
32:20 Imperial Age
30:52 Thumb Ring
30:08 Crossbowman
30:56 Fletching
32:16 Bodkin Arrow
32:44 Arbalester
Connection lost

Rejoining the realm…

Still unreachable

The connection could not be restored.

Session expired

The server has moved on; the page needs a fresh start.